Map: Arctic Dream LE

Players

qqq - Winner!

  • Race: Zerg Zerg
  • Spawn Location: 6:00

Massa - Winner!

  • Race: Terran Terran
  • League: Gold
  • Spawn Location: 5:00

Farragar

  • Race: Terran Terran
  • League: Platinum
  • Spawn Location: 11:00

MattieTK

  • Race: Zerg Zerg
  • League: Platinum
  • Spawn Location: 12:00

VOD

Have the link to the VOD?

Description

Time

  • Played on: July 18, 2020, 11:19 a.m.
  • Length: 5:56
Show
View Real Time Build Order
Export as new Build Order

qqq Zerg - Winner!

Build Orders: Hatch First 

Get SALT Encoding   

  12  0:01  Drone  
  13  0:10  Drone  
  14  0:36  Hatchery  
  13  0:51  Spawning Pool  
  12  0:58  Overlord  
  12  1:03  Drone  
  13  1:08  Drone  
  14  1:13  Extractor  
  14  1:14  Drone  
  14  1:22  Drone  
  15  1:31  Drone  
  16  1:40  Queen  
  16  1:43  Drone  
  19  1:48  Drone  
  20  1:59  Queen  
  20  2:00  Drone  
  23  2:08  Overlord  
  23  2:15  Metabolic Boost  
  23  2:19  Zergling x2  
  24  2:26  Zergling x2  
  25  2:35  Zergling x2  
  25  2:36  Zergling x2  
  27  2:37  Drone  
  27  2:38  Drone x2  
  30  2:48  Drone, Baneling Nest  
  30  2:55  Overlord  
  30  2:57  Zergling x2  
  31  2:59  Drone  
  31  3:02  Drone  
  31  3:05  Drone  
  34  3:08  Zergling x2  
  35  3:16  Zergling x2  
  36  3:22  Zergling x4  
  36  3:23  Zergling x2  
  39  3:33  Roach Warren  
  38  3:40  Zergling x4  
  38  3:41  Drone x4  
  42  3:45  Overlord  
  44  4:08  Zergling x2  
  44  4:09  Zergling x6  
  49  4:10  Zergling x6  
  51  4:18  Zergling x2  
  51  4:19  Zergling x2  
  49  4:31  Zergling x2  
  46  4:32  Zergling x2  
  46  4:33  Zergling x2  
  46  4:40  Drone, Zergling x2  
  46  4:51  Hatchery  
  45  4:52  Hatchery  
  45  4:53  Baneling x3  
  45  4:56  Zergling x4  
  45  4:57  Zergling x4  
  45  4:58  Zergling x4  
  50  5:03  Roach  
Show
View Real Time Build Order
Export as new Build Order

Massa Terran - Winner!

Build Orders:  

Get SALT Encoding   

  12  0:05  SCV  
  13  0:17  SCV  
  14  0:25  Supply Depot  
  14  0:29  SCV  
  14  0:31  Refinery  
  15  0:46  SCV  
  15  0:48  Barracks  
  16  0:58  Supply Depot  
  16  0:59  SCV  
  17  1:12  SCV  
  18  1:24  SCV  
  19  1:26  Barracks  
  19  1:35  Reaper  
  19  1:36  SCV  
  21  1:52  Orbital Command  
  21  1:58  Factory  
  21  2:07  Refinery  
  21  2:11  Reaper  
  21  2:13  Marine  
  23  2:31  Marine  
  24  2:53  Factory Tech Lab  
  24  2:59  SCV  
  24  3:01  Command Center  
  25  3:06  Barracks Tech Lab x2  
  25  3:11  SCV  
  26  3:23  SCV  
  27  3:42  Marauder  
  27  3:43  Marauder  
  31  3:58  Supply Depot  
  31  4:01  Supply Depot  
  31  4:03  Supply Depot  
  31  4:13  Marauder x2, Siege Tank  
  36  4:33  SCV x2  
  36  4:34  Marauder x2  
  42  4:45  SCV x2  
  44  4:56  Marauder  
  44  4:57  SCV x2  
  46  5:11  Marauder  
  46  5:13  Siege Tank  
  47  5:17  Marauder  
  49  5:33  Marauder  
Show
View Real Time Build Order
Export as new Build Order

Farragar Terran 

Build Orders: Reaper Expand 

Get SALT Encoding   

  12  0:00  SCV  
  13  0:12  SCV  
  14  0:18  Supply Depot  
  14  0:26  SCV  
  15  0:40  SCV, Barracks  
  16  0:45  Refinery  
  16  0:52  SCV  
  17  1:04  SCV  
  18  1:16  SCV  
  19  1:35  Orbital Command, Command Center  
  19  1:38  Reaper  
  21  2:01  SCV  
  21  2:02  Supply Depot  
  21  2:03  Refinery  
  21  2:07  Factory  
  21  2:18  SCV  
  21  2:21  Marine  
  23  2:33  SCV  
  24  2:39  Supply Depot  
  23  2:51  Starport  
  23  2:52  Factory Tech Lab  
  23  2:53  SCV  
  23  2:54  Marine  
  26  2:59  Orbital Command  
  26  3:02  Refinery  
  25  3:05  SCV  
  25  3:08  Barracks  
  25  3:11  Marine  
  27  3:18  SCV  
  28  3:27  SCV  
  28  3:30  SCV  
  28  3:31  Starport Reactor  
  28  3:32  Siege Tank  
  33  3:40  SCV  
  32  3:41  Marine  
  33  3:52  SCV x2  
  35  3:59  Barracks Reactor  
  35  4:01  Engineering Bay  
  35  4:08  SCV x2  
  35  4:26  Marine  
  36  4:33  Engineering Bay  
  36  4:41  Marine x2, Siege Tank  
  36  4:42  Barracks  
  36  4:43  Marine  
  36  4:44  Barracks  
  42  4:48  SCV, Barracks  
  42  4:49  SCV  
  44  4:59  Marine x2  
  43  5:01  Marine  
  43  5:05  Medivac  
  43  5:06  Medivac  
  46  5:24  SCV x2  
  46  5:26  Marine x2  
  46  5:27  Marine  
  51  5:42  Supply Depot x2  
Show
View Real Time Build Order
Export as new Build Order

MattieTK Zerg 

Build Orders: Hatch First 

Get SALT Encoding   

  12  0:00  Drone  
  13  0:08  Drone  
  14  0:34  Hatchery  
  13  0:37  Drone  
  14  0:55  Extractor  
  13  0:58  Spawning Pool  
  13  0:59  Drone  
  13  1:04  Drone  
  14  1:13  Overlord  
  14  1:39  Drone x3  
  17  1:48  Drone  
  18  1:57  Queen  
  20  2:03  Drone x3, Extractor  
  22  2:16  Queen  
  22  2:20  Metabolic Boost  
  24  2:39  Drone x4  
  28  2:53  Lair  
  28  3:00  Baneling Nest  
  27  3:06  Drone  
  27  3:28  Drone  
  27  3:30  Overlord x5  
  28  3:57  Infestation Pit  
  28  3:59  Evolution Chamber  
  28  4:02  Zergling x4  
  28  4:03  Zergling x8  
  6  4:33  Drone  
  6  4:34  Drone x3  
  9  5:16  Zergling x2  
  9  5:17  Zergling x4  
Tags
 
Add a new tag
Caveats
  • Supply blocks, unpowered buildings, or Contaminate may cause inaccurate times.
  • Supply counts are checked every 10 seconds.